 Dungeon Crawl Stone Soup version 0.20.0-15-g7f486f2 (webtiles) character file.

721 stebl the Insei (level 7, -3/59 HPs)
             Began as a White Draconian Transmuter on July 6, 2017.
             Slain by yardrawde's ghost (7 damage)
             ... on level 5 of the Dungeon.
             The game lasted 00:20:58 (5084 turns).

stebl the Insei (White Draconian Transmuter)        Turns: 5084, Time: 00:20:58

Health: -3/59      AC:  7    Str: 13    XL:     7   Next: 42%
Magic:  0/10       EV: 12    Int: 13    God:
Gold:   41         SH:  0    Dex: 13    Spells: 4/10 levels left

rFire    . . .     SeeInvis .     - Unarmed
rCold    + . .     Gourm    .   (no shield)
rNeg     + . .     Faith    .   (armour unavailable)
rPois    .         Spirit   .   (helmet restricted)
rElec    .         Reflect  .   (no cloak)
rCorr    .         Harm     .   v - +0 pair of gloves
MR       +....                  (no boots)
Stlth    +.........             (no amulet)
Regen    0.2/turn               w - ring of protection from magic
MPRegen  0.2/turn               i - ring of positive energy

@: drained
A: breathe frost, unfitting armour, cold resistance 1, cold-blooded, AC +6
a: Breathe Frost


You were on level 5 of the Dungeon.
You were hungry.

You visited 1 branch of the dungeon, and saw 5 of its levels.

You collected 261 gold pieces.
You spent 220 gold pieces at shops.

Inventory:

Missiles
 a - 45 arrows
 h - 119 stones (quivered)
Armour
 v - a +0 pair of gloves (worn)
Jewellery
 i - a ring of positive energy (right hand)
 j - an uncursed ring of flight
 w - a ring of protection from magic (left hand)
Wands
 o - a wand of acid (4/15)
 z - a wand of iceblast (8/15)
Scrolls
 e - a scroll of immolation {unknown}
 k - a scroll of teleportation
 m - a scroll of random uselessness {unknown}
 q - a scroll of blinking {unknown}
 r - 4 scrolls of remove curse
 s - 2 scrolls of fog {unknown}
 y - 2 scrolls of enchant weapon {unknown}
Potions
 d - 5 potions of curing
 f - a potion of brilliance
 g - 2 potions of haste
 l - a potion of agility
 n - a potion of lignification
 p - a potion of mutation {unknown}
 u - a potion of heal wounds {unknown}
 x - 2 potions of resistance {unknown}
Books
 b - a book of Changes

   Spells                             Type                      Level
   a - Beastly Appendage              Transmutation                1
   b - Sticks to Snakes               Transmutation                2
   c - Spider Form                    Transmutation/Poison         3
   d - Ice Form                       Ice/Transmutation            4
   e - Blade Hands                    Transmutation                5
Comestibles
 c - 2 bread rations
 t - 3 royal jellies


   Skills:
 * Level 4.2(3.7) Fighting
 - Level 1.7(1.2) Dodging
 - Level 6.1(5.6) Unarmed Combat
 - Level 2.0(1.5) Spellcasting
 + Level 4.9(4.4) Transmutations
 - Level 1.1(0.6) Poison Magic


You had 4 spell levels left.
You knew the following spells:

 Your Spells              Type           Power        Failure   Level  Hunger
a - Beastly Appendage     Tmut           ##....       4%          1    ##.....
b - Sticks to Snakes      Tmut           ##......     6%          2    ###....
c - Spider Form           Tmut/Pois      #.........   28%         3    ####...


Dungeon Overview and Level Annotations

Branches:
Dungeon (5/15)
 Temple: D:4-7

Altars:
Okawaru
The Shining One

Shops:
D:4 }

Annotations:
D:5 yardrawde's ghost, novice GrEE


Innate Abilities, Weirdness & Mutations

You can breathe waves of freezing cold.
You can buffet flying creatures when you breathe cold.
Your icy white scales are hard. (AC +6)
You cannot fit into any form of body armour.
Your flesh is cold resistant. (rC+)
You are cold-blooded and may be slowed by cold attacks.


Message History

* * * LOW HITPOINT WARNING * * *
Your transformation is almost over.
Evoke which item? (* to show all) (? for menu, Esc to quit)
You have no means to grasp a wand firmly enough.
Your magical contamination has completely faded away.
All of the chunks of flesh in your inventory have rotted away.
Casting: Spider Form
Confirm with . or Enter, or press ? or * to list all spells.
You create a snake!
You now have 45 arrows.
You hit yardrawde's ghost but do no damage.
Yardrawde's ghost is severely damaged.
Yardrawde's ghost gestures at you while chanting.
The blast of sand misses you.
Your ball python barely misses yardrawde's ghost.
You hit yardrawde's ghost.
Yardrawde's ghost is almost destroyed.
Your transformation has ended.
Your +0 pair of gloves unmelds from your body.
Yardrawde's ghost hits you!
You die...

#....$(........
##.....[........
....W.......#..>
##..#####.###
##..###....#
##........#
..........##
.♣...#.#...##
♣.♣....#.#@.####.#
.♣.♣.....##W.....#
♣.♣.♣....W.S.#####
._.♣.♣.#..#.....#
♣.♣.♣..#..###.....
.♣.♣...............
.♣.♣....##.###.[....
...♣...#.##.## #####
..........##..##


You could see yardrawde's ghost and a friendly ball python.

Vanquished Creatures
  A black bear (D:4)
  An ogre (D:4)
  The ghost of renl the Scratcher, an amateur FeTm (D:3)
  A scorpion (D:5)
  A howler monkey (D:4)
  2 hounds
  An orc priest (D:3)
  An orc wizard (D:4)
  3 worker ants (D:4)
  4 adders
  3 oozes (D:1)
  4 worms
  4 dart slugs
  A leopard gecko (D:2)
  12 orcs
  6 bats
  9 giant cockroaches
  6 goblins
  11 hobgoblins
  2 jackals (D:3)
  9 kobolds
  3 quokkas
  6 ball pythons (D:2)
  7 frilled lizards
  A jackal skeleton (D:4)
  A leopard gecko skeleton (D:4)
  3 rats
104 creatures vanquished.

Vanquished Creatures (collateral kills)
  An iguana (D:5)
  Terence (D:2)
  An adder (D:2)
3 creatures vanquished.

Grand Total: 107 creatures vanquished

Notes
Turn   | Place    | Note
-------+----------+-------------------------------------------
     0 | D:1      | stebl the Draconian Transmuter began the quest for the Orb.
     0 | D:1      | Reached XP level 1. HP: 16/16 MP: 3/3
    95 | D:1      | Reached XP level 2. HP: 23/23 MP: 3/5
    99 | D:1      | Learned a level 2 spell: Sticks to Snakes
   376 | D:1      | Reached skill level 4 in Unarmed Combat
   396 | D:1      | Reached XP level 3. HP: 27/28 MP: 6/6
  1280 | D:2      | Found a glowing golden altar of the Shining One.
  1383 | D:2      | Reached XP level 4. HP: 35/35 MP: 4/7
  1801 | D:2      | Noticed Terence
  1832 | D:1      | Learned a level 3 spell: Spider Form
  2125 | D:2      | Killed Terence
  2125 | D:2      | Reached skill level 5 in Unarmed Combat
  2576 | D:3      | Reached skill level 1 in Poison Magic
  2576 | D:3      | Reached XP level 5. HP: 35/40 MP: 8/8
  2597 | D:3      | Noticed renl's ghost (amateur FeTm)
  2847 | D:3      | Killed renl's ghost
  3239 | D:3      | Reached XP level 6. HP: 35/47 MP: 9/9
  3654 | D:4      | Found Miazegh's Gadget Shoppe.
  3659 | D:4      | Bought a wand of acid (6/15) for 220 gold pieces
  3675 | D:4      | Reached skill level 6 in Unarmed Combat
  3915 | D:3      | HP: 1/50 [something/puff of frost (4)]
  4360 | D:4      | Your scales start taking on an icy white colour.
  4360 | D:4      | Reached XP level 7. HP: 39/57 MP: 6/10
  4360 | D:4      | Gained mutation: Your flesh is cold resistant. (rC+) [White Draconian growth]
  4823 | D:5      | Entered Level 5 of the Dungeon
  4826 | D:5      | Noticed yardrawde's ghost (novice GrEE)
  5016 | D:5      | Found an iron altar of Okawaru.
  5068 | D:5      | HP: 1/59 [yardrawde's ghost/blast of sand (7)]
  5084 | D:5      | Slain by yardrawde's ghost

Skill      XL: |  1  2  3  4  5  6  7 |
---------------+----------------------+-----
Unarmed Combat | 4 5 6 |  6.1
Transmutations | 3 4 |  4.9
Poison Magic   | 1 |  1.1
Fighting       | 3 4 |  4.2
Dodging        | |  1.7
Spellcasting   | |  2.0

Action                   |  1- 3 |  4- 6 |  7- 9 || total
-------------------------+-------+-------+-------++-------
Melee: Unarmed           |    94 |   220 |    57 ||   371
       Kick              |    11 |    10 |       ||    21
       Tailslap          |    13 |    18 |     4 ||    35
       Headbutt          |     4 |     7 |     4 ||    15
       Punch             |       |     4 |       ||     4
Throw: Stone             |       |    17 |     6 ||    23
 Cast: Beastly Appendage |     9 |    11 |     1 ||    21
       Sticks to Snakes  |     4 |     8 |     4 ||    16
       Spider Form       |       |     5 |     3 ||     8
 Abil: Breathe Frost     |       |       |     4 ||     4
Evoke: Wand              |       |     2 |       ||     2
  Use: Scroll            |       |     7 |     2 ||     9
 Stab: Sleeping          |     2 |     1 |       ||     3
  Eat: Chunk             |     2 |    10 |     5 ||    17
Armor: Skin              |    26 |    68 |    11 ||   105
Dodge: Dodged            |    48 |   148 |    20 ||   216
